 Dungeon Crawl Stone Soup version 0.23.2-30-g0e89c35649 (webtiles) character file.

Game seed: 2278020611863136687

14 Destapler the Magician (level 2, -1/22 HPs)
             Began as a Ghoul Wizard on June 17, 2019.
             Slain by a rat (3 damage)
             ... on level 1 of the Dungeon.
             The game lasted 00:08:05 (1065 turns).

Destapler the Magician (Ghoul Wizard)               Turns: 1065, Time: 00:08:06

Health: -1/22      AC:  2    Str: 10    XL:     2   Next: 45%
Magic:  4/4        EV: 11    Int: 13    God:
Gold:   14         SH:  2    Dex:  7    Spells: 5/6 levels left

rFire    . . .     SeeInvis .   (no weapon)
rCold    + . .     Gourm    .   f - +0 buckler
rNeg     + + +     Faith    .   a - +0 robe
rPois    ∞         Spirit   .   b - +0 hat
rElec    .         Reflect  .   (no cloak)
rCorr    .         Harm     .   (no gloves)
MR       .....                  (no boots)
Stlth    ++........             (no amulet)
HPRegen  0.00/turn              (no ring)
MPRegen  0.09/turn              (no ring)

@: rotting
A: rotting body, claws 1, carnivore, cold resistance 1, negative energy
resistance 3, inhibited regeneration, torment resistance, unbreathing
a: no special abilities


You were on level 1 of the Dungeon.
You were not hungry.

You visited 1 branch of the dungeon, and saw 1 of its levels.

You collected 14 gold pieces.

Inventory:

Hand Weapons
 c - a +0 dagger
Missiles
 e - 18 stones (quivered)
Armour
 a - a +0 robe (worn)
 b - a +0 hat (worn)
 f - a +0 buckler (worn)
Comestibles
 d - a ration
 g - 2 chunks of flesh


   Skills:
 + Level 0.8 Fighting
 + Level 2.0 Dodging
 + Level 2.4 Stealth
 + Level 0.2 Unarmed Combat
 + Level 2.8 Spellcasting
 + Level 1.0 Conjurations
   Level 0.8 Summonings
   Level 0.8 Translocations


You had 5 spell levels left.
You knew the following spells:

 Your Spells              Type           Power        Failure   Level  Hunger
a - Magic Dart            Conj           #...         26%         1    #......

Your spell library contained the following spells:

 Spells                   Type           Power        Failure   Level  Hunger
 Blink                    Tloc           N/A          38%         2    ###....
 Call Imp                 Summ           #.......     38%         2    ###....
 Slow                     Hex            #.......     52%         2    ###....
 Conjure Flame            Conj/Fire      #.......     67%         3    ###....
 Mephitic Cloud           Conj/Pois/Air  #.......     71%         3    ###....


Dungeon Overview and Level Annotations

Branches:
Dungeon (1/15)

Altars:


Innate Abilities, Weirdness & Mutations

Your body is rotting away.
You thrive on raw meat.
You are immune to poison.
You have sharp fingernails.
You are carnivorous and can eat meat at any time.
Your flesh is cold resistant. (rC+)
You are immune to negative energy. (rN+++)
You do not regenerate when monsters are visible.
You are immune to unholy pain and torment.
You can survive without breathing.


Message History

The goblin is severely wounded.
The goblin barely misses you. You block the rat's attack.
You closely miss the goblin.
The goblin is severely wounded.
The goblin completely misses you. The rat bites you.
* * * LOW HITPOINT WARNING * * *
You scratch the goblin but do no damage.
The goblin is severely wounded.
The goblin hits you with a +0 dagger of protection.
* * * LOW HITPOINT WARNING * * *
You block the rat's attack.
You closely miss the goblin.
The goblin is severely wounded.
You block the goblin's attack. The rat barely misses you.
You barely miss the goblin.
The goblin is severely wounded.
The goblin hits you with a +0 dagger of protection.
* * * LOW HITPOINT WARNING * * *
The rat bites you.
You die...

......##.......>...r######
....................#
....................#
...................##
..................##
.................##
................b.#
...........##.##r##
......###.....#g@# .....#
####..#.## ...## ##.#.#
..... #.÷.# #..#. #...#
#.# ....## .# #..#...
#..#.#.# ... ....#


You could see a goblin, a bat and a rat.

Vanquished Creatures
  2 leopard geckos (D:1)
  2 giant cockroaches (D:1)
  4 goblins (D:1)
  A bat (D:1)
  A kobold (D:1)
  A rat (D:1)
11 creatures vanquished.

Notes
Turn   | Place    | Note
-------+----------+-------------------------------------------
     0 | D:1      | Destapler the Ghoul Wizard began the quest for the Orb.
     0 | D:1      | Reached XP level 1. HP: 14/14 MP: 3/3
   264 | D:1      | Reached XP level 2. HP: 9/22 MP: 4/4
   535 | D:1      | Reached skill level 1 in Conjurations
  1065 | D:1      | Slain by a rat

Skill      XL: |  1  2 |
---------------+-------+-----
Conjurations   | 1 |  1.0
Dodging        | 2 |  2.0
Fighting       | |  0.8
Stealth        | |  2.4
Unarmed Combat | |  0.2
Spellcasting   | |  2.8
Summonings     | |  0.8
Translocations | |  0.8

Action                   || total
-------------------------++-------
Melee: Unarmed           ||    91
 Cast: Magic Dart        ||     2
 Stab: Sleeping          ||     1
  Eat: Chunk             ||     2
Armor: Robe              ||    17
Dodge: Dodged            ||    56
Block: Buckler           ||     9
